 Dungeon Crawl Stone Soup version 0.23-a0-577-g2b1de94 (webtiles) character file.

173 Lanoc the Skirmisher (level 5, -6/46 HPs)
             Began as a Ghoul Chaos Knight on Dec 14, 2018.
             Was a Plaything of Xom.
             Mangled by Grinder (8 damage)
             ... on level 4 of the Dungeon.
             The game lasted 00:07:41 (1989 turns).

Lanoc the Skirmisher (Ghoul Chaos Knight)           Turns: 1989, Time: 00:07:41

Health: -6/46      AC:  8    Str: 14 (17) XL:     5   Next: 53%
Magic:  4/4        EV: 17    Int: 11 (12) God:    Xom [....*.]
Gold:   120        SH:  0    Dex: 11 (13) Spells: 4/4 levels left

rFire    + . .     SeeInvis .   a - +0 mace (chaos)
rCold    + + .     Gourm    .   (no shield)
rNeg     + + +     Faith    .   b - +2 leather armour
rPois    ∞         Spirit   .   q - +1 helmet
rElec    +         Reflect  .   (no cloak)
rCorr    +         Harm     .   (no gloves)
MR       .....                  l - +0 pair of boots
Stlth    ++........             (no amulet)
HPRegen  0.00/turn              (no ring)
MPRegen  0.09/turn              (no ring)

@: brilliant, agile, resistant, very slightly contaminated, rotting, invisible
A: rotting body, claws 1, carnivore, cold resistance 1, negative energy
resistance 3, inhibited regeneration, torment resistance, unbreathing
a: Renounce Religion


You were on level 4 of the Dungeon.
You worshipped Xom.
You were a beloved toy of Xom.
You were not hungry.

You visited 1 branch of the dungeon, and saw 4 of its levels.

You collected 120 gold pieces.

Inventory:

Hand Weapons
 a - a +0 mace of chaos (weapon)
 u - a +1 whip of venom
Armour
 b - a +2 leather armour (worn)
 l - a +0 pair of boots (worn)
 q - a +1 helmet (worn)
Scrolls
 e - a scroll of fog {unknown}
 f - 3 scrolls of blinking {unknown}
 g - 2 scrolls of remove curse {unknown}
 i - 2 scrolls of teleportation {unknown}
 j - a scroll of enchant weapon {unknown}
 m - 2 scrolls of identify {unknown}
 o - a scroll of immolation {unknown}
 t - a scroll of enchant armour {unknown}
Potions
 h - a potion of degeneration
 k - a potion of brilliance
Comestibles
 c - 5 rations


   Skills:
 + Level 4.3 Fighting
 + Level 3.5 Maces & Flails
 + Level 2.9 Armour
 + Level 2.4 Dodging


You had 4 spell levels left.
You didn't know any spells.
Your spell library was empty.

Dungeon Overview and Level Annotations

Branches:
Dungeon (4/15)
 Temple: D:4-7

Altars:
Nemelex Xobeh
Qazlal
Uskayaw

Annotations:
D:4 Grinder


Innate Abilities, Weirdness & Mutations

Your body is rotting away.
You thrive on raw meat.
You are immune to poison.
You have sharp fingernails.
You are carnivorous and can eat meat at any time.
Your flesh is cold resistant. (rC+)
You are immune to negative energy. (rN+++)
You do not regenerate when monsters are visible.
You are immune to unholy pain and torment.
You can survive without breathing.


Message History

The gnoll hits you but does no damage. The gnoll closely misses you.
The gnoll hits you with a cursed -2 club.
* * * LOW HITPOINT WARNING * * *
It was a potion of agility.
You feel agile all of a sudden.
The gnoll stops moving altogether!
The gnoll closely misses you. The gnoll hits you but does no damage.
It was a potion of invisibility.
You fade into invisibility!
The gnoll closely misses you. The gnoll misses you.
You are very lightly contaminated with residual magic.
The gnoll is engulfed in seething chaos.
You hear strange voices.
The gnoll closely misses you.
The gnoll is engulfed in seething chaos.
The gnoll is engulfed in seething chaos.
The gnoll closely misses you.
The gnoll is engulfed in seething chaos.
The gnoll closely misses you. Something hits you!
You die...

##### #.g.# #§.g#
#gg@# #.{.#####
#.......##........
#....##..#........
#...?# #.#(.......
####.# ........%.
#.# #....g...g
#.####.........
#...##.g..g....


You could see 4 gnolls.

Vanquished Creatures
  A bullfrog (D:2)
  A gnoll (D:1)
  3 adders
  A worm (D:3)
  2 dart slugs (D:1)
  2 leopard geckos (D:2)
  A giant cockroach (D:1)
  5 hobgoblins
  5 jackals (D:1)
  9 kobolds
  A quokka (D:3)
  3 ball pythons
  7 bats
  3 frilled lizards
  12 goblins
  7 rats
63 creatures vanquished.

Vanquished Creatures (collateral kills)
  A hobgoblin (D:3)
  A kobold (D:3)
2 creatures vanquished.

Grand Total: 65 creatures vanquished

Notes
Turn   | Place    | Note
-------+----------+-------------------------------------------
     0 | D:1      | Lanoc the Ghoul Chaos Knight began the quest for the Orb.
     0 | D:1      | Reached XP level 1. HP: 19/19 MP: 0/0
    28 | D:1      | Reached skill level 1 in Dodging
    55 | D:1      | Reached XP level 2. HP: 23/26 MP: 1/1
   117 | D:1      | XOM: harmless Erth miscast
   202 | D:1      | XOM: divination: detect creatures
   261 | D:1      | Reached XP level 3. HP: 29/31 MP: 2/2
   904 | D:2      | XOM: harmless Necr miscast
   960 | D:2      | Reached XP level 4. HP: 31/40 MP: 3/3
  1012 | D:2      | Noticed a bullfrog
  1019 | D:2      | Killed a bullfrog
  1019 | D:2      | Reached skill level 4 in Fighting
  1019 | D:2      | Reached XP level 5. HP: 44/46 MP: 4/4
  1123 | D:2      | Found a sparkling altar of Nemelex Xobeh.
  1201 | D:2      | Found a stormy altar of Qazlal.
  1236 | D:2      | Found a hide-covered altar of Uskayaw.
  1288 | D:2      | XOM: harmless Erth miscast
  1518 | D:3      | XOM: harmless Necr miscast
  1521 | D:3      | XOM: smoke on damage
  1626 | D:3      | XOM: cast spell 'Death Channel'
  1698 | D:3      | Found a sparkling altar of Nemelex Xobeh.
  1738 | D:3      | XOM: 2-stop teleportation journey
  1941 | D:3      | XOM: cloud trail
  1943 | D:3      | XOM: summons 3 hostile shadow creatures
  1970 | D:4      | Noticed Grinder
  1984 | D:4      | HP: 2/46 [gnoll/cursed -2 club (1)]
  1989 | D:4      | Mangled by Grinder

Vault maps used:
D:1:      dpeg_arrival_chambers_temple_mockup
D:2:      nemelex_xobeh_ov_fountains_minmay, grunt_qazlal_clouds,
          eat_drink_and_be_merry_uskayaw, first_ration, corexii_hall_statues_x
D:3:      grunt_ministairs_10, nemelex_lonely_heart_becter
D:4:      serial_shops, shop, lemuel_statue_altar, uniq_sigmund, uniq_grinder

Skill      XL: |  1  2  3  4 |
---------------+-------------+-----
Dodging        | 1 2 |  2.4
Armour         | 2 |  2.9
Maces & Flails | 3 |  3.5
Fighting       | 4 |  4.3

Action                   |  1- 3 |  4- 6 || total
-------------------------+-------+-------++-------
Melee: Mace              |   100 |    97 ||   197
  Use: Potion            |       |     6 ||     6
 Stab: Paralysed         |     1 |     5 ||     6
  Eat: Chunk             |     2 |    12 ||    14
Armor: Leather armour    |    46 |    53 ||    99
Dodge: Dodged            |    58 |   118 ||   176

Table legend:
 A = Non-vault XP
 B = Vault XP
 C = Vault XP percentage of total XP
 D = Non-vault monster count
 E = Vault monster count
 F = Vault count percentage of total count
                 A         B        C        D         E       F
            +---------+---------+-------+---------+---------+-------
      Total |     232 |      16 |   6.5 |      63 |       2 |   3.1
            +---------+---------+-------+---------+---------+-------
        D:1 |      63 |       0 |   0.0 |      30 |       0 |   0.0
        D:2 |     130 |       0 |   0.0 |      17 |       0 |   0.0
        D:3 |      39 |      16 |  29.1 |      16 |       2 |  11.1
            +---------+---------+-------+---------+---------+-------
